 Dungeon Crawl Stone Soup version 0.24.0-123-gd5b16e6ec5 (webtiles) character file.

Game seed: 11941180465598666702, levelgen mode: deterministic

9956 Bergy the Basher (level 11, -1/60 HPs)
             Began as a Gargoyle Fighter on Dec 23, 2019.
             Was a Priest of Makhleb.
             Slain by a spatial maelstrom (10 damage)
             ... on level 1 of the Abyss.
             The game lasted 00:39:49 (9701 turns).

Bergy the Basher (Gargoyle Fighter)                 Turns: 9701, Time: 00:39:50

Health: -1/60      AC: 21    Str: 25    XL:     11   Next: 54%
Magic:  11/11      EV:  9    Int: 10    God:    Makhleb [***...]
Gold:   664        SH: 16    Dex:  7    Spells: 10/10 levels left

rFire    + . .     SeeInvis .   y - +5 mace (freeze)
rCold    + + .     Gourm    .   c - +0 shield
rNeg     + . .     Faith    .   z - +4 ring mail {rC+}
rPois    ∞         Spirit   .   j - +1 helmet
rElec    +         Reflect  +   (no cloak)
rCorr    .         Harm     .   (no gloves)
MR       +....                  (no boots)
Stlth    ..........             e - amulet "Buec" {Reflect MR+ SH+4}
HPRegen  0.20/turn              l - +3 ring of strength
MPRegen  0.12/turn              F - ring of protection from fire

@: no status effects
A: hooves 1, clumsy 1, cold resistance 1, negative energy resistance 1,
electricity resistance, unbreathing, petrification resistance, rot immunity, AC
+8
a: Minor Destruction, Lesser Servant of Makhleb, Renounce Religion


You were on level 1 of the Abyss.
You worshipped Makhleb.
Makhleb was most pleased with you.
You were not hungry.

You visited 2 branches of the dungeon, and saw 11 of its levels.
You visited the Abyss 1 time.

You collected 664 gold pieces.

Inventory:

Hand Weapons
 p - a +3 flail of protection
 y - a +5 mace of freezing (weapon)
Armour
 c - a +0 shield (worn)
 j - a +1 helmet (worn)
 z - a +4 ring mail of cold resistance (worn)
 G - a +0 plate armour
Jewellery
 e - the amulet "Buec" (around neck) {Reflect MR+ SH+4}
   (You found it on level 8 of the Dungeon)

   [amulet of reflection]

   It shields you and reflects attacks.
   It affects your resistance to hostile enchantments.
   It affects your SH (+4).
 l - a +3 ring of strength (left hand)
 s - an uncursed ring of protection from cold
 A - an uncursed ring of positive energy {unknown}
 F - a ring of protection from fire (right hand)
Wands
 a - a wand of flame (16)
 d - a wand of clouds (9)
 B - a wand of paralysis (5)
Scrolls
 h - 5 scrolls of remove curse
 k - 3 scrolls of blinking
 m - 4 scrolls of immolation
 n - 4 scrolls of teleportation
 q - 2 scrolls of noise {unknown}
 u - 2 scrolls of fog {unknown}
 v - 2 scrolls of magic mapping {unknown}
 w - a scroll of fear {unknown}
 x - a scroll of enchant weapon {unknown}
Potions
 b - a potion of ambrosia {unknown}
 g - a potion of invisibility {unknown}
 i - 2 potions of mutation
 o - a potion of curing
 r - 2 potions of lignification {unknown}
 t - 3 potions of might
 D - a potion of heal wounds
 H - a potion of haste
Comestibles
 f - 16 rations


   Skills:
 - Level 3.2 Fighting
 - Level 14.1 Maces & Flails
 + Level 7.4 Armour
 * Level 9.8 Shields


You had 10 spell levels left.
You didn't know any spells.
Your spell library contained the following spells:

 Spells                   Type           Power        Failure   Level  Hunger
 Animate Skeleton         Necr           N/A          71%         1    ##.....
 Apportation              Tloc           #.....       71%         1    ##.....
 Confusing Touch          Hex            #.....       71%         1    ##.....
 Pain                     Necr           #...         71%         1    ##.....
 Summon Small Mammal      Summ           #...         71%         1    ##.....
 Regeneration             Chrm/Necr      #.........   97%         3    ####...
 Vampiric Draining        Necr           #.........   97%         3    ####...
 Animate Dead             Necr           N/A          100%        4    #####..


Dungeon Overview and Level Annotations

Branches:
Dungeon (10/15)            Temple (1/1) D:6            Lair (0/6) D:8
    Orc (0/2) D:10

Altars:
Ashenzari
Cheibriados
Dithmenos
Elyvilon
Fedhas
Gozag
Hepliaklqana
Kikubaaqudgha
Makhleb
Nemelex Xobeh
Okawaru
Qazlal
Ru
Sif Muna
Trog
Uskayaw
Vehumet
Wu Jian
Xom
Yredelemnul
Zin
The Shining One

Shops:
D:8 !   D:9 =

Annotations:
D:10 Joseph, Psyche


Innate Abilities, Weirdness & Mutations

You are resistant to torment.
Your stone body is resilient. (AC +8)
You are immune to poison.
You resist negative energy. (rN+)
You are resistant to electric shocks. (rElec)
You can survive without breathing.
You are immune to petrification.
You are immune to rotting.
You have large cloven feet.
You are clumsy. (Dex -2)
Your flesh is cold resistant. (rC+)


Message History

The spatial maelstrom hits you but does no damage.
The spatial maelstrom hits you. The ufetubus completely misses you.
The ufetubus hits you but does no damage.
You block the ufetubus's attack. The ufetubus hits you.
A spatial vortex comes into view.
The spatial maelstrom hits you.
* * * LOW HITPOINT WARNING * * *
Space warps horribly around you!
* * * LOW HITPOINT WARNING * * *
The spatial maelstrom hits you but does no damage.
A golden eye comes into view.
The golden eye turns its gaze towards you.
You block the spatial maelstrom's attack.
The spatial maelstrom barely misses you.
The golden eye blinks at you. You resist with some effort.
You block the spatial maelstrom's attack.
The spatial maelstrom hits you!
You die...

. . # . # # . ..# ..
. .# . . ## x..#
#...# ...... . ..##
# .. ##....## . . .#
.. .#### .. .# . .
#....## ##v5##.#
.##.# . .#.
#.####.3v.###.#..#
.#.3#.#.5 #..v@.v# #
....#55xX#.#...G.#
#.5.#55x#.#...#...#
#.#...#v
x##..##.##.# .
.#...#.# X..##.#.# #
#.#....... .# .###.
..#...##...#.#v.#_.#
# .#.......#... .###
# .#.#.#.v.##.#..


You could see a spatial maelstrom, 3 spatial vortices, a ynoxinul, a golden eye
and an ufetubus.

Vanquished Creatures
  Gastronok (D:9)
  The ghost of Destapler the Cleaver, a journeyman HOBe of Trog (D:8)
  A two-headed ogre (D:8)
  A deep elf archer (D:9)
  A moth of wrath (D:8)
  A troll (D:7)
  A hornet (D:9)
  A spriggan (D:7)
  2 yaks (D:7)
  2 hungry ghosts
  Eustachio (D:5)
  A water moccasin (D:8)
  An acid dragon (D:9)
  2 porcupines (D:8)
  Duvessa (D:5)
  6 black bears
  2 orc warriors
  4 ice beasts
  A sky beast (D:6)
  5 ogres
  2 phantoms
  A centaur (D:5)
  A big kobold (D:8)
  2 crocodiles (D:8)
  6 bullfrogs
  A gnoll sergeant (D:9)
  Dowan (D:5)
  4 scorpions
  3 killer bees (D:7)
  3 wights (D:7)
  2 howler monkeys
  4 crimson imps
  3 jellies
  2 orc priests
  A bullfrog zombie (D:7)
  10 orc wizards
  A centaur skeleton (D:6)
  4 hounds
  Terence (D:2)
  6 worker ants
  9 gnolls
  10 adders
  A shadow imp (D:8)
  A white imp (Abyss:1)
  2 oozes (D:1)
  An adder zombie (D:9)
  2 adder skeletons
  3 worms
  2 leopard geckos
  23 orcs
  A ball python (D:2)
  4 bats
  6 giant cockroaches
  3 goblins
  11 hobgoblins
  9 jackals
  10 kobolds
  13 quokkas
  6 frilled lizards
  2 quokka skeletons (D:7)
  3 rats
216 creatures vanquished.

Vanquished Creatures (others)
  An orc warrior (D:8)
  An orc wizard (D:8)
  An orc (D:8)
  22 fungi (D:8)
  9 plants (D:8)
34 creatures vanquished.

Grand Total: 250 creatures vanquished

Notes
Turn   | Place    | Note
-------+----------+-------------------------------------------
     0 | D:1      | Bergy the Gargoyle Fighter began the quest for the Orb.
     0 | D:1      | Reached XP level 1. HP: 14/14 MP: 1/1
   285 | D:1      | Reached XP level 2. HP: 18/19 MP: 2/2
   380 | D:1      | Reached skill level 3 in Maces & Flails
   417 | D:1      | Reached XP level 3. HP: 13/23 MP: 3/3
   965 | D:2      | Noticed Terence
   972 | D:2      | Reached skill level 4 in Maces & Flails
   979 | D:2      | Killed Terence
   979 | D:2      | Reached XP level 4. HP: 25/28 MP: 4/4
  1668 | D:2      | Reached skill level 5 in Maces & Flails
  1858 | D:2      | Reached XP level 5. HP: 26/32 MP: 5/5
  2502 | D:3      | Found a faded altar of an unknown god.
  2642 | D:4      | Reached skill level 6 in Maces & Flails
  2992 | D:4      | Found a shimmering altar of Xom.
  2995 | D:4      | Found a shimmering altar of Xom.
  2999 | D:4      | Found a shimmering altar of Xom.
  3044 | D:4      | Reached XP level 6. HP: 37/37 MP: 6/6
  3277 | D:5      | Entered Level 5 of the Dungeon
  3278 | D:5      | Noticed Eustachio
  3431 | D:5      | Killed Eustachio
  3431 | D:5      | Reached skill level 7 in Maces & Flails
  3431 | D:5      | Reached XP level 7. HP: 28/41 MP: 7/7
  3567 | D:5      | Got an ancient rapier
  3640 | D:5      | Noticed Duvessa
  3665 | D:5      | Killed Duvessa
  3665 | D:5      | Reached skill level 8 in Maces & Flails
  3766 | D:5      | Reached skill level 9 in Maces & Flails
  3781 | D:5      | Reached XP level 8. HP: 46/46 MP: 8/8
  3843 | D:5      | Identified the cursed +0 rapier of Defiance {antimagic, rF+
                  | Int+4} (You found it on level 5 of the Dungeon)
  4001 | D:5      | Noticed Dowan
  4010 | D:5      | Killed Dowan
  4579 | D:6      | Found a staircase to the Ecumenical Temple.
  4595 | Temple   | Entered the Ecumenical Temple
  4701 | Temple   | Became a worshipper of Makhleb the Destroyer
  4817 | D:6      | Reached skill level 10 in Maces & Flails
  4849 | D:6      | Found a basalt altar of Yredelemnul.
  5386 | D:8      | Noticed a yak
  5391 | D:7      | Reached skill level 11 in Maces & Flails
  5399 | D:7      | Reached XP level 9. HP: 51/51 MP: 9/9
  5459 | D:7      | Reached * piety under Makhleb
  5672 | D:7      | Found an opulent altar of Gozag.
  5925 | D:7      | Reached skill level 12 in Maces & Flails
  5940 | D:7      | Gained mutation: You have large cloven feet. [potion of
                  | mutation]
  5940 | D:7      | Gained mutation: You are clumsy. (Dex -2) [potion of
                  | mutation]
  5940 | D:7      | Gained mutation: Your flesh is cold resistant. (rC+)
                  | [potion of mutation]
  6254 | D:8      | Noticed a two-headed ogre
  6262 | D:7      | Reached ** piety under Makhleb
  6304 | D:8      | Found a transporter.
  6330 | D:8      | Noticed Destapler's ghost (journeyman HOBe)
  6330 | D:8      | Noticed a moth of wrath
  6339 | D:8      | Noticed a troll
  6362 | D:7      | Killed a troll
  6362 | D:7      | Reached skill level 13 in Maces & Flails
  6362 | D:7      | Reached skill level 5 in Shields
  6362 | D:7      | Reached XP level 10. HP: 15/56 MP: 10/10
  6608 | D:8      | Found Xuodd's Distillery.
  6722 | D:8      | Found a transporter.
  6947 | D:8      | Killed a moth of wrath
  6947 | D:8      | Reached skill level 5 in Armour
  7001 | D:8      | Killed Destapler's ghost
  7086 | D:8      | Got an ancient silver amulet
  7154 | D:8      | Identified the amulet "Buec" {Reflect MR+ SH+4} (You found
                  | it on level 8 of the Dungeon)
  7340 | D:8      | Found a staircase to the Lair.
  7536 | D:8      | Reached *** piety under Makhleb
  7713 | D:8      | Killed a two-headed ogre
  7713 | D:8      | Reached skill level 14 in Maces & Flails
  7713 | D:8      | Reached XP level 11. HP: 46/60 MP: 11/11
  7839 | D:9      | Found Saakluga's Jewellery Shoppe.
  7855 | D:9      | Noticed Gastronok
  7865 | D:10     | Entered Level 10 of the Dungeon
  8449 | D:9      | Got a jewelled scale mail
  8460 | D:9      | Identified the +2 scale mail of Understanding {*Drain rPois
                  | Dex+6 Stlth+} (You found it on level 9 of the Dungeon)
  8842 | D:9      | Killed Gastronok
  9234 | D:9      | Noticed a deep elf archer
  9247 | D:9      | Killed a deep elf archer
  9443 | D:10     | Found a staircase to the Orcish Mines.
  9515 | D:10     | Noticed Psyche
  9526 | D:10     | Noticed Joseph
  9535 | D:10     | Cast into level 1 of the Abyss (Psyche)
  9614 | Abyss:1  | Noticed a large abomination
  9631 | Abyss:1  | Noticed a spatial maelstrom
  9679 | Abyss:1  | Found a corrupted altar of Lugonu.
  9701 | Abyss:1  | Slain by a spatial maelstrom

Levels and vault maps discovered:
D:1:      saegor_arrival_simple_d, layout_rooms
D:2:      layout_basic, uniq_terence
D:3:      layout_basic, chequers_ecumenical_altar_simple_redux
D:4:      layout_rooms, xom_redecorated
D:5:      layout_loops_ring, first_ration, uniq_eustachio, uniq_duvessa
D:6:      layout_basic, minmay_temple_entry_waves, basic_altar
D:7:      layout_basic, nicolae_overflow_crystal_walls, the_bakery
D:8:      layout_basic, due_lair_maze_entry_diamond, serial_shops,
          kennysheep_mini, gammafunk_ghost_berserking_beasts,
          minmay_unpleasant_kobolds
D:9:      layout_big_octagon, serial_shops, shop, corexii_checkpoint_a,
          small_chamber_with_monster, kennysheep_just_a_vault, uniq_gastronok
D:10:     layout_loops_ring, orc_0_dummy, serial_rivers,
          chequers_serial_rivers_small_b, chequers_serial_rivers_micro_d,
          chequers_serial_rivers_micro_d, chequers_serial_rivers_small_a,
          chequers_serial_rivers_marsh, uniq_psyche, uniq_joseph, uniq_nergalle
Temple:   compressed_dpeg_circular_temple
Abyss:1:  base: D:7, grunt_abyss_exit_deep_breaths

Skill      XL: |  1  2  3  4  5  6  7  8  9 10 11 |
---------------+----------------------------------+-----
Maces & Flails | 3 4 5 6 7 9 11 13 14 | 14.1
Shields        | 5 6 9 |  9.8
Armour         | 4 6 7 |  7.4
Fighting       | |  3.2

Action                   |  1- 3 |  4- 6 |  7- 9 | 10-12 || total
-------------------------+-------+-------+-------+-------++-------
Melee: Flail             |    67 |   182 |   306 |       ||   555
       Whip              |    24 |       |       |       ||    24
       Mace              |       |       |    78 |   289 ||   367
       Kick              |       |       |    14 |    61 ||    75
  Use: Scroll            |       |     4 |     4 |     5 ||    13
       Potion            |       |     1 |     3 |     4 ||     8
  Eat: Chunk             |       |     8 |    10 |     8 ||    26
       Ration            |       |       |     1 |     1 ||     2
Armor: Scale mail        |    50 |   132 |   195 |    37 ||   414
       Ring mail         |       |       |       |    64 ||    64
Dodge: Dodged            |    25 |    73 |   113 |    72 ||   283
Block: Shield            |    41 |   111 |   190 |   209 ||   551
       Reflection        |       |       |       |    10 ||    10
